 Dungeon Crawl Stone Soup version 0.23.2-1-ga50397a (webtiles) character file.

Game seed: 2876037726933442784

1558 xveg the Cleaver (level 8, -4/70 HPs)
             Began as a White Draconian Berserker on May 16, 2019.
             Was an Elder of Trog.
             Slain by a sky beast (5 damage)
             ... on level 6 of the Dungeon.
             The game lasted 00:09:05 (4677 turns).

xveg the Cleaver (White Draconian Berserker)        Turns: 4677, Time: 00:09:06

Health: -4/70      AC: -2    Str: 23    XL:     8   Next: 58%
Magic:  8/8        EV: 19    Int:  7    God:    Trog [****..]
Gold:   341        SH:  0    Dex: 10    Spells: 7/7 levels left

rFire    . . .     SeeInvis .   a - +0 hand axe
rCold    + . .     Gourm    .   (no shield)
rNeg     . . .     Faith    .   (armour unavailable)
rPois    .         Spirit   .   (helmet restricted)
rElec    .         Reflect  .   (no cloak)
rCorr    .         Harm     .   (no gloves)
MR       .....                  (no boots)
Stlth    ++........             (no amulet)
HPRegen  0.21/turn              f - +5 ring of evasion
MPRegen  0.11/turn              (no ring)

@: corroded
A: breathe frost, unfitting armour, cold resistance 1, cold-blooded, AC +6
a: Breathe Frost, Berserk, Trog's Hand, Brothers in Arms, Renounce Religion


You were on level 6 of the Dungeon.
You worshipped Trog.
Trog was greatly pleased with you.
You were not hungry.

You visited 1 branch of the dungeon, and saw 6 of its levels.
You also visited: Sewer.

You collected 341 gold pieces.

Inventory:

Hand Weapons
 a - a +0 hand axe (weapon)
Armour
 j - a cursed -1 ring mail
Jewellery
 f - a +5 ring of evasion (left hand)
 r - a cursed ring of attention {unknown}
Wands
 w - a wand of paralysis (11)
Scrolls
 d - 9 scrolls of identify {unknown}
 e - 3 scrolls of amnesia {unknown}
 h - 2 scrolls of magic mapping {unknown}
 i - a scroll of fog {unknown}
 m - 3 scrolls of teleportation {unknown}
 n - 2 scrolls of remove curse {unknown}
 s - 2 scrolls of random uselessness {unknown}
 t - a scroll of enchant weapon {unknown}
Potions
 c - a potion of brilliance {unknown}
 g - 2 potions of mutation {unknown}
 k - 4 potions of curing
 l - a potion of flight {unknown}
 o - 2 potions of might {unknown}
 p - a potion of heal wounds {unknown}
 q - 2 potions of degeneration {unknown}
 u - 2 potions of lignification {unknown}
 v - a potion of agility {unknown}
Comestibles
 b - 8 rations


   Skills:
 + Level 6.0 Fighting
 + Level 8.1 Axes
 + Level 5.6 Dodging
 + Level 2.7 Stealth


You had 7 spell levels left.
You didn't know any spells.
Your spell library was empty.

Dungeon Overview and Level Annotations

Branches:
Dungeon (6/15)
 Temple: D:4-7

Altars:
Dithmenos
Elyvilon
Gozag
Hepliaklqana
Okawaru
Qazlal
Trog
Wu Jian
Xom

Annotations:
D:5 2 transporters, shugdite's ghost, novice HOMo
D:6 3 runed translucent doors, daning's ghost, novice DECj


Innate Abilities, Weirdness & Mutations

You can breathe waves of freezing cold.
You can buffet flying creatures when you breathe cold.
Your icy white scales are hard. (AC +6)
You cannot fit into any form of body armour.
Your flesh is cold resistant. (rC+)
You are cold-blooded and may be slowed by cold attacks.


Message History

You closely miss something. Something closely misses you.
You closely miss something.
Your tail-slap misses something.
You slash something! Something hits you. Something shocks you.
You miss something. Something hits you.
* * * LOW HITPOINT WARNING * * *
Something shocks you.
* * * LOW HITPOINT WARNING * * *
You barely miss something. Something hits you.
* * * LOW HITPOINT WARNING * * *
Something shocks you.
* * * LOW HITPOINT WARNING * * *
You barely miss something.
Your tail-slap misses something.
Something hits you.
* * * LOW HITPOINT WARNING * * *
Something shocks you.
* * * LOW HITPOINT WARNING * * *
You closely miss something.
Your tail-slap misses something.
Something hits you.
* * * LOW HITPOINT WARNING * * *
Something shocks you.
You die...

..# # .#.#.######.# #
..... ...#.# #
#...####.#.#######
#...............## #
#...####.#.####.## #.
#...# #.#.# #....
####..#...####.#.###..##
......{@................
####..#...####.........#
.........# ##.#####.##
..........# #.# #.#
..........# #.# #.#
.#.#.##.... .# #. ....
...... .. .# #.......
...#.#.


There were no monsters in sight!

Vanquished Creatures
  Sigmund (D:3)
  Edmund (D:4)
  2 phantoms
  A centaur (D:6)
  2 bullfrogs (Sewer)
  A scorpion (D:4)
  A howler monkey (D:5)
  A crimson imp (D:5)
  A bullfrog zombie (D:6)
  A centaur zombie (D:5)
  A jelly (D:6)
  A hound (D:5)
  A gnoll shaman (D:5)
  A centaur skeleton (D:6)
  2 orc wizards
  Jessica (D:3)
  Terence (D:3)
  An iguana (D:4)
  6 worker ants
  4 gnolls (D:5)
  10 adders
  2 river rats (D:3)
  4 oozes (Sewer)
  A worm (D:2)
  2 dart slugs
  15 leopard geckos
  15 orcs
  15 ball pythons
  5 bats
  10 giant cockroaches (Sewer)
  5 goblins
  3 hobgoblins
  10 jackals
  16 frilled lizards
  5 kobolds
  A leopard gecko skeleton (D:4)
  A quokka zombie (D:5)
  13 rats
164 creatures vanquished.

Vanquished Creatures (others)
  2 fungi (D:6)
  2 plants (D:6)
4 creatures vanquished.

Grand Total: 168 creatures vanquished

Notes
Turn   | Place    | Note
-------+----------+-------------------------------------------
     0 | D:1      | xveg the Draconian Berserker began the quest for the Orb.
     0 | D:1      | Reached XP level 1. HP: 19/19 MP: 1/1
    89 | D:1      | Reached XP level 2. HP: 22/26 MP: 2/2
   688 | D:2      | Reached ** piety under Trog
   777 | D:2      | Reached XP level 3. HP: 33/33 MP: 3/3
   784 | D:2      | Found an opulent altar of Gozag.
  1193 | D:3      | Found a shadowy altar of Dithmenos.
  1219 | D:3      | Reached XP level 4. HP: 36/40 MP: 4/4
  1440 | D:3      | Noticed Jessica
  1447 | D:3      | Killed Jessica
  1447 | D:3      | Reached skill level 4 in Axes
  1516 | D:3      | Noticed Terence
  1534 | D:3      | Killed Terence
  1534 | D:3      | Reached XP level 5. HP: 47/47 MP: 5/5
  1545 | D:3      | Noticed Sigmund
  1571 | D:3      | Killed Sigmund
  1571 | D:3      | Reached skill level 5 in Axes
  1571 | D:3      | Reached skill level 1 in Stealth
  1571 | D:3      | Reached XP level 6. HP: 21/53 MP: 6/6
  1665 | D:3      | Found a glowing drain.
  1687 | Sewer    | Entered a sewer
  1895 | Sewer    | Reached *** piety under Trog
  2146 | Sewer    | Reached **** piety under Trog
  2161 | Sewer    | Reached skill level 6 in Axes
  2161 | Sewer    | Your scales start taking on an icy white colour.
  2161 | Sewer    | Reached XP level 7. HP: 35/60 MP: 7/7
  2161 | Sewer    | Gained mutation: Your flesh is cold resistant. (rC+) [White
                  | Draconian growth]
  2724 | D:4      | Found a shimmering altar of Xom.
  2728 | D:4      | Found a stormy altar of Qazlal.
  2777 | D:4      | Reached skill level 5 in Fighting
  2916 | D:4      | Found a white marble altar of Elyvilon.
  3023 | D:4      | Noticed Edmund
  3052 | D:4      | Killed Edmund
  3115 | D:4      | Reached skill level 7 in Axes
  3308 | D:5      | Entered Level 5 of the Dungeon
  3375 | D:5      | Reached skill level 5 in Dodging
  3375 | D:5      | Reached XP level 8. HP: 68/68 MP: 8/8
  3796 | D:5      | Found a bloodstained altar of Trog.
  3796 | D:5      | Found a hazy altar of Hepliaklqana.
  3969 | D:5      | Found a transporter.
  3981 | D:5      | Noticed shugdite's ghost (novice HOMo)
  4028 | D:5      | Found a transporter.
  4162 | D:5      | Found an ornate altar of the Wu Jian Council.
  4415 | D:6      | Reached skill level 8 in Axes
  4516 | D:6      | Found an iron altar of Okawaru.
  4536 | D:6      | Found a runed translucent gate.
  4544 | D:6      | Noticed a kobold demonologist
  4545 | D:6      | Found a runed translucent gate.
  4545 | D:6      | Found a runed translucent gate.
  4548 | D:6      | Noticed daning's ghost (novice DECj)
  4550 | D:6      | Identified the +4 dagger "Was Vess" {venom, -Tele rElec rN+
                  | Stlth+}
  4676 | D:6      | HP: 2/70 [something (6)]
  4677 | D:6      | Slain by a sky beast

Skill      XL: |  1  2  3  4  5  6  7  8 |
---------------+-------------------------+-----
Dodging        | 3 4 5 |  5.6
Fighting       | 4 5 6 |  6.0
Axes           | 4 5 6 7 8 |  8.1
Stealth        | 1 2 |  2.7

Action                   |  1- 3 |  4- 6 |  7- 9 || total
-------------------------+-------+-------+-------++-------
Melee: Hand axe          |    98 |   260 |   305 ||   663
       Tailslap          |     9 |    29 |    47 ||    85
Invok: Trog's Hand       |       |       |     1 ||     1
       Berserk           |       |       |     1 ||     1
 Abil: Breathe Frost     |       |       |     1 ||     1
  Use: Potion            |       |       |     2 ||     2
       Scroll            |       |       |     1 ||     1
 Stab: Sleeping          |     3 |     2 |     6 ||    11
  Eat: Chunk             |       |     4 |     5 ||     9
       Ration            |       |       |     2 ||     2
Armor: Skin              |    24 |    53 |    53 ||   130
Dodge: Dodged            |    65 |   349 |   264 ||   678
